[Event "Early-Titled-Tuesday-Blitz-April-16-2024"]
[Site "Chess.com"]
[Date "2024.04.16"]
[Round "5"]
[White "artin10862"]
[Black "SharapovEvgeny"]
[Result "1-0"]
[WhiteElo "2942"]
[BlackElo "2658"]
[TimeControl "180+1"]
[EndTime "8:55:16 PDT"]
[Termination "artin10862 won by resignation"]

1. e4 c5 2. Nf3 d6 3. d4 cxd4 4. Nxd4 Nf6 5. Nc3 Nc6 6. Bg5 e6 7. Qd2 Be7 8. O-O-O O-O 9. h4 Nxd4 10. Qxd4 Qa5 11.
Kb1 Rd8 12. f3 Bd7 13. g4 Bc6 14. Bd2 Qc5 15. Be3 Qxd4 16. Bxd4 Nd7 17. g5 a6 18. Rg1 b5 19. Bh3 b4 20. Ne2 Nf8 21. h5 d5 22.
e5 a5 23. f4 a4 24. Be3 g6 25. Nd4 Bd7 26. hxg6 fxg6 27. Nf3 b3 28. cxb3 axb3 29. a3 Ra4 30. Rd4 Rxd4 31. Nxd4 Rc8 32. Nxb3 Rc4 33.
Nd4 Bc5 34. Rd1 Ba4 35. Rd2 Bxd4 36. Rxd4 Bb3 37. Rxc4 dxc4 38. Bc5 1-0

[Event "Early-Titled-Tuesday-Blitz-April-16-2024"]
[Site "Chess.com"]
[Date "2024.04.16"]
[Round "5"]
[White "HamedWafa4"]
[Black "alpope"]
[Result "1-0"]
[WhiteElo "2795"]
[BlackElo "2516"]
[TimeControl "180+1"]
[EndTime "8:55:16 PDT"]
[Termination "HamedWafa4 won by resignation"]

1. d4 g6 2. e4 Bg7 3. h4 h6 4.
h5 g5 5. Ne2 d6 6. Nbc3 c6 7. a4 e5 8. dxe5 dxe5 9. Qxd8+ Kxd8 10.
Be3 Kc7 11. Ng3 Ne7 12. Bc4 Be6 13. Bxe6 fxe6 14. Nf1 Nd7 15. a5 Rhd8 16. Nh2 Ng8 17. Ke2 Ngf6 18. f3 Nxh5 19. Kf2 Ndf6 20. Nf1 Nf4 21. g3 Ng6 22. Nd2 Ne8 23. Nb3 Bf8 24. Nc5 Bxc5 25. Bxc5 Rd2+ 26. Ke3 Rad8 27. Bxa7 Kc8 28.
Bb6 R8d7 29. Ne2 Rxc2 30. Rxh6 Rdd2 31. Re1 Nd6 32. Rxg6 Nc4+ 33. Kf2 Kd7 34. Rg7+ Ke8 35. Be3 Nxe3 36. Kxe3 Rxb2 37. Rxg5 Ke7 38. Rg7+ Kd6 39. g4 Rdc2 40. g5 Kc5 41. Rg8 Ra2 42. g6 Rxa5 43. g7 Ra3+ 44. Kf2 1-0

[Event "Early-Titled-Tuesday-Blitz-April-16-2024"]
[Site "Chess.com"]
[Date "2024.04.16"]
[Round "5"]
[White "HaryKane"]
[Black "KVAIDAN"]
[Result "0-1"]
[WhiteElo "2533"]
[BlackElo "2343"]
[TimeControl "180+1"]
[EndTime "8:55:20 PDT"]
[Termination "KVAIDAN won by resignation"]

1. c4 e6 2. Nf3 f5 3. Nc3 Nf6 4. g3 Be7 5. Bg2 d6 6. O-O O-O 7. d3 e5 8. b4 Qe8 9. Nd2 a5 10. bxa5 Nc6 11. Nb5 Bd8 12. Nb3 Nxa5 13. Nxa5 Rxa5 14.
Bd2 Ra6 15. Qb3 Kh8 16. a4 Qh5 17. Rac1 Qxe2 18. Bb4 Qh5 19. c5 f4 20. f3 fxg3 21.
hxg3 Qg6 22. cxd6 c6 23. d7 Nxd7 24. Bxf8 Nxf8 25. Qb4 Bb6+ 26. d4 Ne6 27. Qe7 h6 28. f4 Nxd4 29. Qf8+ Kh7 30. Qxc8 Nf3+ 31. Kh1 Nd2 32.
Bh3 Nxf1 33. Bf5 Nxg3+ 34. Kh2 Nxf5 0-1

[Event "Early-Titled-Tuesday-Blitz-April-16-2024"]
[Site "Chess.com"]
[Date "2024.04.16"]
[Round "5"]
[White "ChessboArt"]
[Black "Timerkhanov"]
[Result "0-1"]
[WhiteElo "2318"]
[BlackElo "2629"]
[TimeControl "180+1"]
[EndTime "8:55:24 PDT"]
[Termination "Timerkhanov won on time"]

1. Nf3 d5 2. g3 Nf6 3. Bg2 g6 4. b3 Bg7 5. Bb2 O-O 6. O-O c6 7. c4 a5 8. a3 a4 9. cxd5 Qxd5 10. b4 Qh5 11. Re1 Bh3 12. Bh1 Nbd7 13. Nc3 e5 14. d3 Nb6 15. Qd2 Bh6 16. Qc2 Rfe8 17. Rad1 Bg7 18. Qd2 h6 19. Qe3 Nbd5 20. Nxd5 Nxd5 21.
Qc5 Rad8 22. Qa7 Bg4 23. Qxb7 e4 24. Bxg7 exf3 25. exf3 Bxf3 26. Bxf3 Qxf3 27. Bxh6 Nc3 28. Ra1 Re2 29. Be3 Re8 30. Qc7 R8xe3 0-1

[Event "Early-Titled-Tuesday-Blitz-April-16-2024"]
[Site "Chess.com"]
[Date "2024.04.16"]
[Round "5"]
[White "DeArron_Fox"]
[Black "IsaqueGoncalvesSanto"]
[Result "1-0"]
[WhiteElo "2523"]
[BlackElo "1864"]
[TimeControl "180+1"]
[EndTime "8:55:24 PDT"]
[Termination "DeArron_Fox won on time"]

1. d4 d5 2. c4 c6 3. Nc3 e6 4. e3 f5 5. f4 Nf6 6. Nf3 Be7 7. Be2 O-O 8. O-O Ne4 9. Ne5 Nd7 10.
Nxe4 fxe4 11. Bd2 Nf6 12. b4 Bd7 13. a4 dxc4 14. Bxc4 Nd5 15. Qb1 Nf6 16. f5 Nd5 17. Qxe4 exf5 18. Bxd5+ cxd5 19. Qxd5+ Kh8 20. Qxd7 Qxd7 21.
Nxd7 Rac8 22. Rac1 Rcd8 23. Nc5 b6 24. Ne6 Rde8 25.
Nxf8 Rxf8 26. Rc7 Bf6 27. Rxf5 h6 28. d5 1-0

[Event "Early-Titled-Tuesday-Blitz-April-16-2024"]
[Site "Chess.com"]
[Date "2024.04.16"]
[Round "5"]
[White "karinachess1"]
[Black "ATM622"]
[Result "1-0"]
[WhiteElo "2614"]
[BlackElo "2459"]
[TimeControl "180+1"]
[EndTime "8:55:25 PDT"]
[Termination "karinachess1 won on time"]

1. d4 Nf6 2. c4 e6 3. Nc3 d5 4.
cxd5 exd5 5. Bg5 Be7 6. e3 O-O 7. Bd3 Bg4 8. Qc2 h6 9. Bh4 c6 10. Nge2 Re8 11. O-O Na6 12. a3 b5 13. b4 Rc8 14. f3 Bd7 15. e4 Nh5 16. Bxe7 Qxe7 17. e5 g5 18. f4 g4 19. f5 Qg5 20. g3 Qe3+ 21. Rf2 Re7 22. Rf1 Rce8 23. Kg2 Nc7 24. Nd1 Qg5 25. Nf4 f6 26. e6 Bc8 27.
Qxc6 Rd8 28. Qc5 Rde8 29. Ne3 Kh7 30. Nexd5 Bb7 31. Be4 1-0

[Event "Early-Titled-Tuesday-Blitz-April-16-2024"]
[Site "Chess.com"]
[Date "2024.04.16"]
[Round "5"]
[White "klercaku"]
[Black "Denisenko_Denis"]
[Result "0-1"]
[WhiteElo "2188"]
[BlackElo "2430"]
[TimeControl "180+1"]
[EndTime "8:55:25 PDT"]
[Termination "Denisenko_Denis won by resignation"]

1. e4 e5 2. Nf3 Nf6 3. Nc3 Nc6 4. d4 Bb4 5. Nxe5 Qe7 6. Nxc6 Qxe4+ 7. Qe2 Qxe2+ 8.
Bxe2 dxc6 9. Bd2 O-O 10. O-O Re8 11. Bf3 Bf5 12. Rac1 Rad8 13. Be3 Bxc3 14. bxc3 Be4 15. Bxe4 Nxe4 16. Rb1 b6 17. Rb3 f6 18. c4 Kf7 19.
f3 Nd6 20. c5 Nf5 21. Bf2 Nxd4 22. Ra3 a5 23. Rd3 Ne2+ 24. Kh1 Rxd3 25. cxd3 b5 26.
Re1 Nc3 27. Rxe8 Kxe8 28. Be1 b4 29. a3 Kf7 30. Kg1 Ke6 31. Kf2 Kd5 32. axb4 axb4 33. Ke3 Kxc5 34. Kd2 Kd5 35. Kc2 c5 36. Bf2 Nb5 37. Kb3 Nd4+ 38. Kb2 c4 39. dxc4+ Kxc4 40. h4 h5 41. g4 g6 42. gxh5 gxh5 43. f4 f5 44. Be3 c5 45. Bd2 Nf3 46. Be3 Nxh4 47. Bf2 Nf3 48. Bg3 h4 49. Bf2 h3 50. Bg3 h2 0-1

[Event "Early-Titled-Tuesday-Blitz-April-16-2024"]
[Site "Chess.com"]
[Date "2024.04.16"]
[Round "5"]
[White "Chess4always"]
[Black "mapleaff"]
[Result "1/2-1/2"]
[WhiteElo "2007"]
[BlackElo "2286"]
[TimeControl "180+1"]
[EndTime "8:55:25 PDT"]
[Termination "Game drawn by repetition"]

1. d4 d5 2. Nf3 Nf6 3. Bf4 c5 4. c3 Nc6 5. e3 Qb6 6. Qb3 c4 7.
Qxb6 axb6 8. Be2 Bf5 9. O-O e6 10. a3 b5 11. Nbd2 h6 12. h3 g5 13. Bg3 Be7 14.
Rfe1 Ne4 15. Nxe4 Bxe4 16. Nd2 Bg6 17. Bf3 f5 18. Bd1 h5 19. Nf3 Bf6 20. Bd6 Kd7 21.
Bc5 Kc7 22. Bc2 b6 23. Bb4 Nxb4 24. axb4 g4 25. hxg4 hxg4 26. Ne5 Bxe5 27. dxe5 Kb7 28. g3 Rag8 29. Kf1 Rh2 30. Ke2 Rgh8 31. Rf1 R8h6 32. Ke1 Rg2 33. Rd1 Kc6 34. Ra1 Kb7 35. Rd1 Rhh2 36. Rd2 Rh6 37. Rd1 1/2-1/2

[Event "Early-Titled-Tuesday-Blitz-April-16-2024"]
[Site "Chess.com"]
[Date "2024.04.16"]
[Round "5"]
[White "temiksmozg"]
[Black "Vladimir_Zakhartsov"]
[Result "1-0"]
[WhiteElo "2672"]
[BlackElo "2921"]
[TimeControl "180+1"]
[EndTime "8:55:26 PDT"]
[Termination "temiksmozg won by checkmate"]

1. d4 Nf6 2. c4 e6 3. Nf3 c5 4. d5 exd5 5. cxd5 b5 6. Bf4 d6 7.
e3 b4 8. a3 Qb6 9. Nbd2 Nxd5 10. Nc4 Qc6 11. Bg3 Ba6 12. Na5 Nxe3 13. fxe3 Qe4 14.
Bxa6 Nxa6 15. O-O Be7 16. Qa4+ Kf8 17. Nc6 Nc7 18. Nxe7 Qxe7 19. Rad1 Ne8 20. axb4 Qxe3+ 21. Bf2 Qe4 22. Rfe1 Qxb4 23. Qd7 h6 24. Re2 Qb6 25. Bg3 Rd8 26. Rxe8+ Rxe8 27. Bxd6+ Kg8 28. Qxe8+ Kh7 29.
Qe4+ g6 30. Qf4 Qb7 31. Re1 Kg8 32. Re8+ Kg7 33. Be5+ f6 34. Qxf6+ Kh7 35. Rxh8# 1-0

[Event "Early-Titled-Tuesday-Blitz-April-16-2024"]
[Site "Chess.com"]
[Date "2024.04.16"]
[Round "5"]
[White "Flawless_Fighter"]
[Black "Djager97"]
[Result "1-0"]
[WhiteElo "2760"]
[BlackElo "2570"]
[TimeControl "180+1"]
[EndTime "8:55:26 PDT"]
[Termination "Flawless_Fighter won by resignation"]

1. e4 e5 2. Nf3 Nc6 3. Nc3 Nf6 4.
Bb5 Nd4 5. O-O Nxf3+ 6. Qxf3 Be7 7. Qg3 c6 8. Be2 d6 9. d3 Be6 10. Kh1 Qd7 11. f4 exf4 12. Bxf4 O-O-O 13. a4 h6 14. a5 g5 15. Be3 Kb8 16. Bd4 Ng4 17. Bxh8 Rxh8 18.
Bxg4 Bxg4 19. Rxf7 Be6 20. Rf2 h5 21. h3 g4 22.
Raf1 h4 23. Qe3 gxh3 24. gxh3 Bxh3 25. Rg1 Be6 26. Ne2 d5 27. Nf4 Bf7 28. e5 d4 29.
Qe4 Be8 30. Rg7 Qd8 31. Ng6 Bxg6 32. Rxg6 Qxa5 33. Rg7 Bd8 34. Rgf7 Qa1+ 35. Kh2 Rg8 36. Rg2 Re8 37. e6 Bc7+ 38. Rxc7 Kxc7 39. Rg7+ Kc8 40. Qe5 Re7 41. Rxe7 1-0

[Event "Early-Titled-Tuesday-Blitz-April-16-2024"]
[Site "Chess.com"]
[Date "2024.04.16"]
[Round "5"]
[White "NiranjanNavalgund"]
[Black "littlepinkyboy"]
[Result "1-0"]
[WhiteElo "2512"]
[BlackElo "2673"]
[TimeControl "180+1"]
[EndTime "8:55:27 PDT"]
[Termination "NiranjanNavalgund won by resignation"]

1. e4 c5 2. d4 cxd4 3. c3 Nf6 4. e5 Nd5 5. Nf3 d6 6. cxd4 Nc6 7. Bc4 e6 8. O-O Be7 9. Qe2 O-O 10. Rd1 Re8 11.
Nc3 Nxc3 12. bxc3 d5 13. Bd3 Bd7 14. h4 h6 15. g4 f6 16. exf6 Bxf6 17. g5 e5 18.
gxf6 Qxf6 19. dxe5 Nxe5 20. Nxe5 Rxe5 21. Qf1 Qxh4 22.
Qg2 Rf8 23. Qg3 Qh5 24. Bf4 Rxf4 25. Qxf4 Bh3 26. f3 Rg5+ 27. Kf2 Rg2+ 28. Ke3 Qe8+ 29. Kd4 Qa4+ 30. Ke3 Qe8+ 31. Kd4 Qa4+ 32. c4 dxc4 33.
Bxc4+ Kh7 34. Qe4+ Rg6 35. Rg1 Qd7+ 36. Kc3 Bf5 37. Qd4 Qc6 38. Rxg6 Qxf3+ 39. Kb4 Bxg6 40. Qc3 Qc6 41. a4 Qd6+ 42. Kb3 Qb6+ 43. Ka3 Qc5+ 44. Ka2 a6 45. Bg8+ Kxg8 46. Qxc5 1-0

[Event "Early-Titled-Tuesday-Blitz-April-16-2024"]
[Site "Chess.com"]
[Date "2024.04.16"]
[Round "5"]
[White "HeroWilczek"]
[Black "VerdeNotte"]
[Result "0-1"]
[WhiteElo "2599"]
[BlackElo "2877"]
[TimeControl "180+1"]
[EndTime "8:55:28 PDT"]
[Termination "VerdeNotte won by resignation"]

1. e4 g6 2. d4 Bg7 3. Nf3 c6 4. Be2 d5 5. Nbd2 dxe4 6. Nxe4 Nf6 7. Nxf6+ Bxf6 8. O-O O-O 9. Bh6 Re8 10. c3 Bf5 11. Re1 Nd7 12. Bc4 Nb6 13. Bb3 Bg4 14.
h3 Bxf3 15. Qxf3 e6 16. a4 a5 17. Bf4 Nd5 18. Be5 Bxe5 19. Rxe5 Qb6 20. Bxd5 exd5 21.
Rae1 Rxe5 22. Rxe5 Qxb2 23. Re7 Rf8 24. h4 b5 25. Rb7 Qc1+ 26. Kh2 bxa4 27. Ra7 a3 28. Rxa5 h5 29. Qg3 Qb2 30. c4 a2 31. Qa3 Qxf2 32. cxd5 Qxh4+ 33. Kg1 Qxd4+ 34. Kh1 Re8 35. Ra8 Qh4+ 36. Kg1 Qe1+ 37. Kh2 Qe5+ 38. Kg1 a1=Q+ 39. Qxa1 Qxa1+ 40. Rxa1 cxd5 41. Rd1 Rd8 42. Kf2 d4 43. Kf3 d3 44. Ke3 d2 0-1

[Event "Early-Titled-Tuesday-Blitz-April-16-2024"]
[Site "Chess.com"]
[Date "2024.04.16"]
[Round "5"]
[White "KanalSzachowy"]
[Black "carloseduar100"]
[Result "0-1"]
[WhiteElo "2405"]
[BlackElo "2243"]
[TimeControl "180+1"]
[EndTime "8:55:28 PDT"]
[Termination "carloseduar100 won by resignation"]

1. e4 e6 2. d4 d5 3. Nc3 Nf6 4. e5 Nfd7 5. f4 c5 6. Nf3 Nc6 7. Be3 Qb6 8. Na4 Qc7 9. Nxc5 Nxd4 10. Bxd4 Bxc5 11. c3 a6 12. Bd3 b5 13. O-O Bb7 14. Kh1 Qb6 15. Rc1 h6 16. b4 Bxd4 17. Nxd4 O-O 18.
Bb1 Rac8 19. Qd3 g6 20. Qg3 Kh7 21. Rce1 Rc4 22. Bd3 Rxd4 23. cxd4 Qxd4 24. Rd1 Qxb4 25. Rc1 Rc8 26. Rxc8 Bxc8 27. Qh4 Qd2 28. Rf3 Bb7 29.
Qe7 Nc5 30. Qxf7+ Kh8 31. Qf6+ Kg8 32. Qxg6+ Kf8 33. Qxh6+ Ke8 34. Bg6+ Kd7 35. Qg7+ Kc6 36. Be8+ Kb6 37. h3 d4 38. Bh5 Bxf3 39. Bxf3 Qc1+ 40.
Kh2 Qxf4+ 41. Qg3 Qe3 42. h4 d3 43. h5 d2 44. h6 Qxh6+ 45. Kg1 Qe3+ 46. Qf2 Qe1+ 0-1

[Event "Early-Titled-Tuesday-Blitz-April-16-2024"]
[Site "Chess.com"]
[Date "2024.04.16"]
[Round "5"]
[White "superchess02"]
[Black "amintabatabaei"]
[Result "1-0"]
[WhiteElo "2906"]
[BlackElo "3039"]
[TimeControl "180+1"]
[EndTime "8:55:31 PDT"]
[Termination "superchess02 won by resignation"]

1. d4 Nf6 2. c4 g6 3. Nc3 Bg7 4. e4 d6 5. f3 O-O 6. Be3 c5 7. Nge2 Nc6 8. d5 Ne5 9. Ng3 h5 10. Be2 h4 11. Nf1 b5 12. cxb5 a6 13. Nd2 axb5 14. Nxb5 Ba6 15. O-O h3 16. g4 Bxb5 17.
Bxb5 Qa5 18. a4 Rfb8 19. g5 Nh5 20. f4 Nxf4 21. Bxf4 Qb4 22. Ra3 Qxb2 23. Rb3 Qa2 24. Qb1 Qxb1 25. Rfxb1 Ng4 26. Rxh3 Bd4+ 27. Kg2 Kg7 28.
Rhb3 Ne5 29. Bxe5+ Bxe5 30. Bc6 Rxb3 31. Rxb3 Rh8 32.
h3 Bf4 33. Nf3 c4 34. Rc3 Rb8 35. Bb5 e6 36. dxe6 fxe6 37. Rxc4 Rb7 38. Nd4 Kf7 39. h4 d5 40. exd5 exd5 41. Rc5 Be3 42. Rxd5 Rc7 43. Nc6 Bb6 44. a5 Be3 45. Rd7+ Rxd7 46. Ne5+ Ke6 47. Nxd7 Kf5 48. Nf6 Bd2 49. a6 Be3 50. Kf3 Ba7 51. Bd3+ Ke5 52. Bxg6 1-0

[Event "Early-Titled-Tuesday-Blitz-April-16-2024"]
[Site "Chess.com"]
[Date "2024.04.16"]
[Round "5"]
[White "BardArtem"]
[Black "kuba2006"]
[Result "1-0"]
[WhiteElo "2860"]
[BlackElo "2548"]
[TimeControl "180+1"]
[EndTime "8:55:32 PDT"]
[Termination "BardArtem won on time"]

1. e4 e5 2. d4 exd4 3. Qxd4 Nc6 4. Qd3 Nf6 5. Nc3 h6 6. a3 Bc5 7. Be3 d6 8. Bxc5 dxc5 9. Qxd8+ Nxd8 10. O-O-O Bd7 11.
f3 Ne6 12. Bc4 O-O-O 13. Nge2 g5 14. Ng3 h5 15. Nf5 Nf4 16. g3 Nh3 17. Rd2 Bxf5 18. Rxd8+ Rxd8 19. exf5 g4 20. fxg4 Nxg4 21. Bxf7 c6 22.
Bxh5 Nhf2 23. Rf1 Rh8 24. Bxg4 Nxg4 25. h4 Rg8 26. Ne4 Nh2 27. Rf2 Ng4 28. Rf4 Ne5 29.
f6 Kd8 30. f7 Rf8 31. Ng5 Ke7 32. h5 Rh8 33. Re4 Kf6 34. Rxe5 Kxe5 35. Nh7 Rxh7 36. f8=Q 1-0

[Event "Early-Titled-Tuesday-Blitz-April-16-2024"]
[Site "Chess.com"]
[Date "2024.04.16"]
[Round "5"]
[White "stolencandy13"]
[Black "milovichalex"]
[Result "1-0"]
[WhiteElo "2558"]
[BlackElo "2349"]
[TimeControl "180+1"]
[EndTime "8:55:32 PDT"]
[Termination "stolencandy13 won by resignation"]

1. d4 Nf6 2. Bf4 d5 3. e3 c5 4. c3 Nc6 5. Nd2 e6 6. Ngf3 Be7 7. Bd3 O-O 8. O-O b6 9. Ne5 Bb7 10. Qf3 Nd7 11. Qh3 g6 12. Ndf3 Ncxe5 13. dxe5 a6 14. Qh6 f6 15. h4 fxe5 16. Nxe5 Nxe5 17. Bxe5 Bf6 18. Bxf6 Qxf6 19. h5 Qg7 20. Qg5 gxh5 21. Qxh5 Rf6 22. f4 Raf8 23. Rf3 d4 24. Rg3 Rg6 25.
Bxg6 hxg6 26. Rxg6 1-0

[Event "Early-Titled-Tuesday-Blitz-April-16-2024"]
[Site "Chess.com"]
[Date "2024.04.16"]
[Round "5"]
[White "Alexchess1984"]
[Black "MrVenky"]
[Result "0-1"]
[WhiteElo "2679"]
[BlackElo "2539"]
[TimeControl "180+1"]
[EndTime "8:55:33 PDT"]
[Termination "MrVenky won on time"]

1. e4 e5 2. Nf3 Nc6 3. Bc4 Nf6 4. d4 exd4 5. e5 d5 6. Bb5 Ne4 7. Nxd4 Bd7 8. Bxc6 bxc6 9. O-O Bc5 10. f3 Ng5 11. Be3 O-O 12. Qd2 Ne6 13. Nxe6 Bxe3+ 14. Qxe3 Bxe6 15. b4 d4 16. Qf4 Rb8 17. a3 c5 18. Rd1 Qd5 19. Nc3 Qc4 20. Ne4 cxb4 21. Kh1 bxa3 22. Rxa3 Qxc2 23. Raa1 Rb2 24. Rg1 d3 25. Rac1 Qe2 26. Rce1 Qc2 27. Rc1 Qb3 28.
Rxc7 Rb1 29. Rcc1 Rxc1 30. Rxc1 h6 31. Rg1 Rd8 32. Nf6+ Kh8 33. Nh5 d2 34. Nxg7 d1=Q 35. Qxh6+ Kg8 36. Nh5 Qxg1+ 37. Kxg1 Qd1+ 38. Kf2 Qd2+ 39. Qxd2 Rxd2+ 40. Kg3 a5 41. Nf6+ Kf8 42. Ne4 Rb2 43. Nc3 Bd7 0-1

[Event "Early-Titled-Tuesday-Blitz-April-16-2024"]
[Site "Chess.com"]
[Date "2024.04.16"]
[Round "5"]
[White "ProtectiveCarrot"]
[Black "lrjchess"]
[Result "1-0"]
[WhiteElo "2320"]
[BlackElo "2469"]
[TimeControl "180+1"]
[EndTime "8:55:33 PDT"]
[Termination "ProtectiveCarrot won by checkmate"]

1. d4 Nf6 2. Nf3 g6 3. Nbd2 d5 4. e3 Bg7 5. b4 O-O 6. Bb2 a5 7. b5 c6 8. c4 a4 9. Ba3 Qa5 10. Rb1 dxc4 11. Bxc4 Bf5 12. Bxe7 Bxb1 13. Bxf8 Bxf8 14.
Qxb1 Bb4 15. a3 Bxa3 16. bxc6 bxc6 17. Qa2 Bb4 18. Bxf7+ Kg7 19. O-O Nbd7 20. Nc4 Qb5 21. Nce5 Nxe5 22. Nxe5 a3 23. Bxg6 Nd5 24. Bd3 Qb6 25.
Qe2 Nf6 26. Bc4 c5 27. Nd7 Qd6 28.
Nxf6 Qxf6 29. dxc5 Bxc5 30. Rb1 Bd6 31. Ba2 Qe5 32.
g3 Rb8 33. Qg4+ Kh8 34. Rxb8+ Bxb8 35. Qg8# 1-0

[Event "Early-Titled-Tuesday-Blitz-April-16-2024"]
[Site "Chess.com"]
[Date "2024.04.16"]
[Round "5"]
[White "janhelmer03"]
[Black "Yushko_Olga"]
[Result "0-1"]
[WhiteElo "2410"]
[BlackElo "2260"]
[TimeControl "180+1"]
[EndTime "8:55:34 PDT"]
[Termination "Yushko_Olga won on time"]

1. Nf3 Nf6 2. c4 e6 3. Nc3 d5 4.
e3 Bd6 5. b3 O-O 6. Bb2 c5 7.
cxd5 Nxd5 8. Be2 Nc6 9. Nxd5 exd5 10. O-O d4 11. exd4 cxd4 12. Bb5 Bg4 13. h3 Bh5 14. g4 Bg6 15. Nxd4 Nxd4 16. Bxd4 Bc7 17. Be3 Qd6 18. f4 Be4 19. Rc1 a6 20. Be2 Bc6 21. Bf3 Bb5 22. Rf2 Qh6 23. Bg2 Bd6 24. f5 Qh4 25. Qf3 Bc6 26. Rxc6 bxc6 27. Qxc6 Qg3 28. Qf3 Qh2+ 29.
Kf1 Rac8 30. Re2 Bg3 31. d4 Rfe8 32. Bh1 Rc1+ 33. Bxc1 Rxe2 34. Qa8+ Bb8 35. Qxb8+ Qxb8 36. Kxe2 Qh2+ 0-1

[Event "Early-Titled-Tuesday-Blitz-April-16-2024"]
[Site "Chess.com"]
[Date "2024.04.16"]
[Round "5"]
[White "UNSTOPPABLE_LEGEND"]
[Black "MdChess1734"]
[Result "1-0"]
[WhiteElo "2566"]
[BlackElo "2365"]
[TimeControl "180+1"]
[EndTime "8:55:35 PDT"]
[Termination "UNSTOPPABLE_LEGEND won by checkmate"]

1. d4 Nf6 2. Bf4 e6 3. e3 b6 4.
Qf3 Nc6 5. Nc3 Bb7 6. Bd3 Qc8 7. Qh3 Nb4 8. Nf3 Nxd3+ 9. cxd3 Ba6 10. O-O Bxd3 11.
Rfd1 Ba6 12. Rac1 d6 13. Bg5 Be7 14. e4 Ng8 15. e5 d5 16. Qg4 Bxg5 17. Qxg5 g6 18.
Nxd5 exd5 19. e6 f6 20. Qg3 c6 21. Ne5 Ne7 22. Nd7 Rf8 23. Qh4 h5 24. Nxf8 g5 25.
Qxh5+ Kxf8 26. Qf7# 1-0

[Event "Early-Titled-Tuesday-Blitz-April-16-2024"]
[Site "Chess.com"]
[Date "2024.04.16"]
[Round "5"]
[White "Statham_01"]
[Black "DominguezOnYoutube"]
[Result "0-1"]
[WhiteElo "2623"]
[BlackElo "2940"]
[TimeControl "180+1"]
[EndTime "8:55:36 PDT"]
[Termination "DominguezOnYoutube won by checkmate"]

1. e4 c5 2. Nf3 d6 3. d4 cxd4 4.
Nxd4 Nf6 5. Nc3 a6 6. a3 e5 7. Nf5 d5 8. Bg5 d4 9. Bxf6 gxf6 10. Nb1 Bxf5 11. exf5 Qa5+ 12. Nd2 Bh6 13. b4 Qd5 14. f3 Bxd2+ 15. Qxd2 Nd7 16. c4 Qc6 17. Bd3 Nb6 18. Rc1 Na4 19. Be4 Qc7 20. O-O Nc3 21. Rxc3 dxc3 22. Qxc3 Rd8 23. Kh1 Rd4 24. c5 Ke7 25. Qe3 Rhd8 26. Qb3 Qd7 27. Bc2 Qd5 28. Qe3 Qc4 29.
Rc1 Rd2 30. Qb3 Qxc2 31. Qxc2 Rxc2 32. Rxc2 Rd1# 0-1

[Event "Early-Titled-Tuesday-Blitz-April-16-2024"]
[Site "Chess.com"]
[Date "2024.04.16"]
[Round "5"]
[White "Eliwood44"]
[Black "VacheH009"]
[Result "1-0"]
[WhiteElo "2493"]
[BlackElo "2623"]
[TimeControl "180+1"]
[EndTime "8:55:36 PDT"]
[Termination "Eliwood44 won on time"]

1. d4 d5 2. c4 e6 3. Nc3 c6 4.
cxd5 exd5 5. Nf3 Bd6 6. h3 Ne7 7. g3 O-O 8. Bg2 h6 9. O-O Bf5 10. Nh4 Bh7 11. e4 dxe4 12. Nxe4 Nf5 13. Nxf5 Bxf5 14.
Nxd6 Qxd6 15. Bf4 Qd7 16. g4 Be6 17. Re1 Na6 18. a3 Rad8 19. Be5 Nc7 20. Qa4 a6 21. Bxc7 Qxc7 22. Rad1 Bd5 23. Bxd5 Rxd5 24. Re4 Rfd8 25. Rde1 Qd7 26. Re7 Qd6 27. Qb3 b5 28. Qc2 g6 29. Qc1 Kg7 30. R1e6 Qxe6 31. Rxe6 fxe6 32.
Qxc6 R5d6 33. Qe4 R8d7 34. h4 Rxd4 35. Qxe6 R4d6 36. Qe5+ Kh7 37. h5 gxh5 38. gxh5 Rd5 39. Qe4+ Kh8 40. Qe8+ Kg7 41. Qg6+ Kf8 42. Qxh6+ Ke7 43.
Qxa6 Rg5+ 44. Kf1 Rxh5 45. Qg6 Rhd5 46. Qg7+ Kd8 47. Qc3 R7d6 48. f3 Rd2 49. f4 Kd7 50. f5 Rh2 51. Qg7+ Kc6 52. Ke1 1-0

[Event "Early-Titled-Tuesday-Blitz-April-16-2024"]
[Site "Chess.com"]
[Date "2024.04.16"]
[Round "5"]
[White "wonderfultime"]
[Black "Caradhrast"]
[Result "1-0"]
[WhiteElo "2990"]
[BlackElo "2662"]
[TimeControl "180+1"]
[EndTime "8:55:37 PDT"]
[Termination "wonderfultime won by resignation"]

1. d4 Nf6 2. Nf3 g6 3. Bg5 Bg7 4. Nbd2 d5 5. c3 O-O 6. e3 c5 7. Bd3 h6 8. Bh4 Nc6 9. O-O Re8 10. dxc5 e5 11. Bxf6 Bxf6 12. e4 Bg7 13. Re1 Be6 14. Qc2 Qc7 15. exd5 Bxd5 16. Be4 Be6 17. Bxc6 Qxc6 18.
b4 f5 19. Nxe5 Qc7 20. Nxg6 Rad8 21. Nf3 Qf7 22. Nge5 Qf6 23. Nd4 Bd5 24. f4 Be4 25. Qf2 Re7 26. a3 Qa6 27. Re3 Bxe5 28. fxe5 Rxe5 29.
Qg3+ 1-0

[Event "Early-Titled-Tuesday-Blitz-April-16-2024"]
[Site "Chess.com"]
[Date "2024.04.16"]
[Round "5"]
[White "CD3m"]
[Black "koncheto"]
[Result "0-1"]
[WhiteElo "2350"]
[BlackElo "2557"]
[TimeControl "180+1"]
[EndTime "8:55:37 PDT"]
[Termination "koncheto won by checkmate"]

1. e4 e5 2. Nf3 Nf6 3. Nxe5 Nc6 4. Nc4 Nxe4 5. d3 Nf6 6. d4 d5 7. Ne3 Bd6 8. c4 dxc4 9. Bxc4 O-O 10. O-O Nxd4 11.
Nc3 c6 12. a3 Nf5 13. b4 Nxe3 14. Bxe3 Ng4 15. h3 Ne5 16. Bb3 Bf5 17. Bd4 Qh4 18. Re1 Nd3 19. Ne2 Nxe1 20. Qxe1 Rfe8 21. Qd2 Rxe2 22. Qxe2 Qxd4 23. Rd1 Qf6 24. Qc4 Rd8 25.
g3 h6 26. h4 Be6 27. Qc2 Bxb3 28. Qxb3 Be7 29. Re1 Bf8 30. Re2 Qd6 31. Qc4 Qd1+ 32. Kg2 Qd5+ 33. Qxd5 Rxd5 34. Re8 a5 35. Rb8 axb4 36.
axb4 Rb5 37. Rc8 Rxb4 38. Rd8 c5 39. Re8 c4 40. Rc8 b5 41. Kf3 Rb3+ 42. Ke2 c3 43. Ke3 b4 44. Kd3 Rb2 45. Rb8 Rxf2 46. Ke3 Rh2 47. g4 Rxh4 48. Kf4 Rh2 49. Kg3 Rd2 50. g5 c2 51. g6 fxg6 52. Rc8 b3 53. Rc7 b2 54. Rc6 c1=Q 55. Rc8 Qxc8 56. Kf3 Qc3+ 57.
Ke4 Rd4+ 58. Ke5 Qc5+ 59. Ke6 Rd6# 0-1

[Event "Early-Titled-Tuesday-Blitz-April-16-2024"]
[Site "Chess.com"]
[Date "2024.04.16"]
[Round "5"]
[White "diamonds13"]
[Black "noblerone"]
[Result "1-0"]
[WhiteElo "2345"]
[BlackElo "2527"]
[TimeControl "180+1"]
[EndTime "8:55:40 PDT"]
[Termination "diamonds13 won on time"]

1. d4 d5 2. c4 c6 3. Nf3 Nf6 4.
Nc3 dxc4 5. e4 b5 6. e5 Nd5 7. Be2 h6 8. a4 Nxc3 9. bxc3 e6 10. axb5 cxb5 11. Rb1 a6 12. O-O Nd7 13. Nd2 Nb6 14. Bf3 Ra7 15. Bc6+ Bd7 16. Qf3 Be7 17. d5 Bxc6 18.
dxc6 Qd5 19. Ne4 Rc7 20. Be3 Rxc6 21. Rfd1 Qxd1+ 22. Rxd1 Nd5 23. Rxd5 exd5 24. Nd6+ Bxd6 25. Qxd5 Kd7 26. exd6 Rxd6 27. Qxf7+ Kc6 28. h4 Rd7 29. Qf3+ Kd6 30. Bf4+ Ke6 31. Qc6+ Ke7 32. Qc5+ Kf7 33. Qf5+ Ke7 34. Be3 Rc8 35. Bc5+ Rxc5 36. Qxc5+ Rd6 37. Qe5+ Kd7 38. Qxg7+ Kc6 39. Qf8 Rd1+ 40. Kh2 Rd3 41. Qxh6+ Kb7 42. Qg7+ Kb6 43. h5 1-0

[Event "Early-Titled-Tuesday-Blitz-April-16-2024"]
[Site "Chess.com"]
[Date "2024.04.16"]
[Round "5"]
[White "Aleksandar-Topalov"]
[Black "WindWhistler11"]
[Result "1-0"]
[WhiteElo "2351"]
[BlackElo "2512"]
[TimeControl "180+1"]
[EndTime "8:55:41 PDT"]
[Termination "Aleksandar-Topalov won on time"]

1. b3 d6 2. Bb2 Nf6 3. Bxf6 exf6 4. c4 g6 5. Nc3 Bg7 6. e3 O-O 7.
Nge2 c6 8. g3 f5 9. Bg2 Nd7 10.
O-O Qe7 11. Rb1 a5 12. a3 Nf6 13. b4 axb4 14. axb4 Be6 15. d3 g5 16. b5 c5 17. Qd2 Ng4 18. Nd5 Bxd5 19. Bxd5 Ra3 20. d4 Rfa8 21. Rb2 Nf6 22. Bg2 h5 23. dxc5 dxc5 24. Rc2 h4 25. Nc3 hxg3 26. hxg3 f4 27. exf4 gxf4 28. Qxf4 Nh5 29. Nd5 Qe6 30. Qh4 Qe5 31.
Rcc1 Nf6 32. Rce1 Qd4 33. Ne7+ Kf8 34. Qg5 Qd6 35. Nf5 1-0